 Dungeon Crawl Stone Soup version 0.26-a0-651-gb41185065b (webtiles) character file.

Game seed: 14999561991562514040

25207 gbos the Impaler (level 13, -5/103 HPs)
             Began as a Merfolk Gladiator on Oct 28, 2020.
             Was an Elder of Ashenzari.
             Slain by a 17-headed hydra (8 damage)
             ... on level 4 of the Lair of Beasts.
             The game lasted 00:32:37 (18008 turns).

gbos the Impaler (Merfolk Gladiator)               Turns: 18008, Time: 00:32:37

Health: -5/103     AC: 14    Str: 22    XL:     13   Next: 18%
Magic:  16/16      EV: 23    Int: 11    God:    Ashenzari [****..]
Gold:   754        SH:  0    Dex: 26    Spells: 8/16 levels left

rFire    . . .     SeeInvis +   T - +1 halberd of Generosity {freeze, +Blink Dex+4 Stlth+} (curse)
rCold    + + .     Faith    +   (shield currently unavailable)
rNeg     . . .     Spirit   .   y - +4 scale mail of Resonance {Rampage Dex+4 SInv}
rPois    +         Reflect  .   c - +0 helmet
rElec    .         Harm     .   m - +1 cloak (curse)
rCorr    .         Rampage  +   M - +0 pair of gloves
MR       +....     Clarity  +   (no boots)
Stlth    +++++.....             R - amulet "Ximm" {Faith rC+ MR+}
HPRegen  0.27/turn              A - ring of Weuq {rC+ Str+6 Dex+3 Stlth+}
MPRegen  0.15/turn              J - ring of poison resistance

@: no status effects
A: change form in water, swift swim, stealthy swim
a: Curse Item, Scrying, Renounce Religion, Evoke Blink


You were on level 4 of the Lair of Beasts.
You worshipped Ashenzari.
Ashenzari was greatly pleased with you.
You visited 2 branches of the dungeon, and saw 14 of its levels.

You collected 934 gold pieces.
You spent 180 gold pieces at shops.


   Skills:
 + Level 10.2 Fighting
 - Level 16.1(20.0) Polearms
 - Level 5.2 Throwing
 + Level 14.0 Dodging
 - Level 6.0 Stealth
 - Level 2.2 Spellcasting
 * Level 4.6 Conjurations
 * Level 7.4 Transmutations
 - Level 1.0 Air Magic
 - Level 1.0 Poison Magic
 - Level 4.6 Evocations


You had 8 spell levels left.
You knew the following spells:

 Your Spells              Type           Power        Failure   Level
c - Mephitic Cloud        Conj/Pois/Air  #.......     67%         3
X - Irradiate             Conj/Tmut      ##........   88%         5

Your spell library contained the following spells:

 Spells                   Type           Power        Failure   Level
 Sting                    Tmut/Pois      ##..         14%         1
 Ignite Poison            Fire/Tmut/Pois #.......     58%         3
 Poisonous Vapours        Pois/Air       #.....       63%         2
 Petrify                  Tmut/Erth      #.......     86%         4
 Confusing Touch          Hex            #.......     94%         3
 Gell's Gravitas          Tloc           #.........   94%         3
 Olgreb's Toxic Radiance  Pois           #.......     99%         4
 Yara's Violent Unravell  Hex/Tmut       #.........   99%         5
 Hydra Form               Tmut           ###.......   99%         6
 Metabolic Englaciation   Hex/Ice        #.........   100%        5
 Statue Form              Tmut/Erth      #........    100%        6
 Dragon Form              Tmut           ###.......   100%        7

Inventory:

Hand Weapons
 a - a +1 trident of venom
 v - a +0 dagger of venom
 T - the cursed +1 halberd of Generosity (weapon) {freeze, +Blink Dex+4 Stlth+}

   It has been specially enchanted to freeze those struck by it, causing extra
   injury to most foes and up to half again as much damage against particularly
   susceptible opponents.
   It can also slow down cold-blooded creatures.
   It affects your dexterity (+4).
   It lets you blink.
   It makes you more stealthy.
   It has a curse placed upon it.
Missiles
 k - 48 poisoned darts (quivered)
 l - 4 javelins
 G - a throwing net {=f}
 H - 17 boomerangs
Armour
 c - a +0 helmet (worn)
 m - a cursed +1 cloak (worn)
 y - the +4 scale mail of Resonance (worn) {Rampage Dex+4 SInv}

   It affects your dexterity (+4).
   It lets you see invisible.
   It bestows one free step when moving towards enemies.
 D - a +3 ring mail of magic resistance
 F - the +1 robe of Mitiamog {*Corrode rPois rF+}

   It protects you from fire.
   It protects you from poison.
   It may corrode you when you take damage.
 M - a +0 pair of gloves (worn)
 V - the +3 ring mail of Geomp {Rampage rPois Int-3 SInv}

   It affects your intelligence (-3).
   It protects you from poison.
   It lets you see invisible.
   It bestows one free step when moving towards enemies.
Jewellery
 d - an uncursed ring of magical power
 i - an uncursed ring of stealth
 A - the ring of Weuq (left hand) {rC+ Str+6 Dex+3 Stlth+}

   [ring of strength]

   It affects your strength (+6).
   It affects your dexterity (+3).
   It protects you from cold.
   It makes you more stealthy.
 B - an uncursed amulet of the acrobat
 C - a +6 ring of strength
 I - an uncursed ring of protection from magic
 J - a ring of poison resistance (right hand)
 P - a +4 ring of protection
 R - the amulet "Ximm" (around neck) {Faith rC+ MR+}

   [amulet of faith]

   It allows you to gain divine favour quickly.
   It protects you from cold.
   It affects your resistance to hostile enchantments.
Wands
 b - a wand of enslavement (22)
 z - a wand of digging (4)
 L - a wand of acid (26)
 O - a wand of flame (39)
Scrolls
 g - 3 scrolls of amnesia
 o - 8 scrolls of teleportation {@r4}
 p - 4 scrolls of remove curse
 t - 5 scrolls of identify {@r1}
 w - 2 scrolls of enchant armour
 N - a scroll of fear
Potions
 e - a potion of flight
 f - a potion of heal wounds {@q2}
 h - 7 potions of curing {@q1}
 j - a potion of degeneration {!q}
 n - 2 potions of ambrosia
 q - a potion of resistance
 r - 2 potions of stabbing
 s - 2 potions of might
 u - 3 potions of mutation {!q}
 x - a potion of berserk rage {!q}
 E - 2 potions of lignification {!q}
 K - a potion of haste {@q3}
 S - 2 potions of magic
 U - a potion of cancellation {unknown}

Dungeon Overview and Level Annotations

Branches:
Dungeon (10/15)            Temple (0/1) D:6            Lair (4/6) D:10
 Shoals (0/4) Lair:3       Spider (0/4) Lair:4
    Orc: D:9-12

Altars:
Ashenzari
Kikubaaqudgha
Okawaru
Ru
Trog
Uskayaw
Vehumet
Yredelemnul
The Shining One

Shops:
D:4 [

Annotations:
D:5 3 runed translucent doors, 2 transporters, Flugslaktarn's ghost, amateur DDFi

▒..▒ ▒▒.....▒(▒ ▒ ▒..▒▒▒
▒.......▒▒ ▒▒ ▒....▒▒
▒▒......▒ ▒▒▒. ▒.....▒▒
▒P.....▒ ▒▒... ▒......▒▒▒▒▒▒
▒▒▒▒...▒▒▒.... ▒......▒≈≈≈≈▒
▒f....▒..... ▒......▒≈≈≈≈▒▒▒
▒........... ▒......'≈≈≈≈'.▒
▒........... ▒......▒≈≈≈≈▒m▒▒
▒▒..........
▒......▒≈≈≈≈▒hD▒▒▒▒▒..........
▒......▒▒▒▒▒▒h................
▒...........................▒.
▒▒▒▒▒▒....................▒▒▒▒
▒▒▒▒..................▒
▒▒▒▒▒▒......<.....▒▒
▒▒............▒▒
▒▒.............f▒▒


You could see a 17-headed hydra and 2 wolves.


Message History

The wolf bites you but does no damage. The wolf closely misses you.
The wolf bites you but does no damage. The wolf barely misses you.
The wolf bites you but does no damage. The wolf closely misses you.
The wolf closely misses you.
The 17-headed hydra completely misses you.
The 17-headed hydra bites you but does no damage.
The 17-headed hydra closely misses you. The 17-headed hydra bites you!
* * * LOW HITPOINT WARNING * * *
The 17-headed hydra completely misses you.
The 17-headed hydra closely misses you. The 17-headed hydra bites you!
* * * LOW HITPOINT WARNING * * *
The 17-headed hydra bites you.
* * * LOW HITPOINT WARNING * * *
The 17-headed hydra bites you!
* * * LOW HITPOINT WARNING * * *
The 17-headed hydra barely misses you. The 17-headed hydra bites you.
* * * LOW HITPOINT WARNING * * *
The 17-headed hydra bites you but does no damage.
The 17-headed hydra bites you but does no damage.
The 17-headed hydra completely misses you.
The 17-headed hydra bites you but does no damage.
The 17-headed hydra completely misses you.
The 17-headed hydra bites you!
You die...

Action                   |  1- 3 |  4- 6 |  7- 9 | 10-12 | 13-15 || total
-------------------------+-------+-------+-------+-------+-------++-------
Melee: Trident           |    58 |   212 |   368 |  1011 |       ||  1649
       Halberd           |       |       |       |    74 |    83 ||   157
       Tailslap          |       |       |       |     7 |       ||     7
Throw: Dart              |     2 |    25 |    43 |    55 |    12 ||   137
       Throwing net      |     1 |     5 |     6 |     2 |     1 ||    15
       Javelin           |       |     9 |       |     2 |       ||    11
Invok: Curse Item        |       |       |       |     1 |       ||     1
Evoke: Wand              |       |       |       |       |     1 ||     1
  Use: Scroll            |       |       |     1 |    23 |       ||    24
       Potion            |       |       |     2 |     1 |       ||     3
 Stab: Sleeping          |     2 |    13 |    18 |    24 |       ||    57
       Held in net/web   |     1 |     2 |     4 |     1 |     4 ||    12
       Distracted        |       |       |     3 |     1 |       ||     4
Armor: Leather armour    |     9 |    29 |       |       |       ||    38
       Scale mail        |       |       |    85 |   188 |    46 ||   319
Dodge: Dodged            |    34 |   125 |   200 |   728 |   161 ||  1248

Levels and vault maps discovered:
D:1:      minmay_arrival_jagged, layout_rooms
D:2:      layout_loops_ring, nicolae_ashenzari_panopticon
D:3:      layout_loops_ring, uniq_terence, uniq_robin
D:4:      layout_rooms, nicolae_ru_awakened_eye, serial_shops, shop,
          hangedman_abyss_or_decor_passed, st_stairs_9,
          kennysheep_cross_bottleneck, minmay_door_square,
          minmay_a_box_with_orc_wizards_in_it, uniq_blork_the_orc
D:5:      gammafunk_steamed_eel, layout_cave_pods, ebering_ghost_rock_garden,
          uniq_duvessa
D:6:      layout_cave_pods, eat_drink_and_be_merry_uskayaw,
          kiku_gazebo_garden_becter, minmay_temple_entry_mist, uniq_grinder
D:7:      layout_basic
D:8:      layout_cave_pods, overflow_temple_1_default, uniq_harold, uniq_psyche
D:9:      layout_long_grid, grunt_temple_overflow_diamond, kennysheep_mini,
          lightli_fourway_metalbox
D:10:     layout_basic, erik_lair_orcish_takeover
Lair:1:   layout_regular_city, nicolae_quartered_pool_super, st_stairs_9
Lair:2:   layout_gridlike, ebering_ghost_reflecting_pool,
          cheibrodos_lair_caveside_slide, chequers_serial_rivers_small_b,
          grunt_megastairs_5
Lair:3:   layout_roguey, elwin_shoals_entry_rooms, minmay_holes,
          chequers_serial_rivers_small_3, patterned_corridor
Lair:4:   layout_hall_layers, spider_nest_entry_a,
          chequers_serial_rivers_room_b, minivault_27,
          chequers_serial_rivers_large_a

Notes
Turn   | Place    | Note
-------+----------+-------------------------------------------
     0 | D:1      | gbos the Merfolk Gladiator began the quest for the Orb.
     0 | D:1      | Reached XP level 1. HP: 16/16 MP: 1/1
    90 | D:1      | Reached XP level 2. HP: 18/22 MP: 2/2
   202 | D:1      | Reached skill level 5 in Polearms
   202 | D:1      | Reached skill level 1 in Stealth
   715 | D:2      | Reached XP level 3. HP: 27/27 MP: 3/3
   750 | D:2      | Found a broken altar of Ashenzari.
   835 | D:2      | HP: 5/27 [iguana (4)]
  1171 | D:2      | Became a worshipper of Ashenzari the Shackled
  1222 | D:2      | Reached XP level 4. HP: 33/33 MP: 4/4
  1335 | D:2      | Reached skill level 6 in Polearms
  1335 | D:2      | Reached skill level 2 in Stealth
  1344 | D:2      | HP: 9/33 [poisoned by an adder]
  1351 | D:2      | HP: 8/33 [poisoned by an adder]
  1359 | D:2      | HP: 7/33 [poisoned by an adder]
  1850 | D:2      | Reached skill level 5 in Dodging
  1881 | D:2      | Reached XP level 5. HP: 34/38 MP: 5/5
  2481 | D:3      | Reached skill level 7 in Polearms
  2732 | D:3      | Noticed Terence
  2739 | D:3      | Killed Terence
  2739 | D:3      | Reached skill level 3 in Stealth
  2795 | D:3      | Noticed Robin
  2841 | D:3      | Reached XP level 6. HP: 44/44 MP: 6/6
  3160 | D:3      | Killed Robin
  3188 | D:2      | HP: 13/44 [poisoned by a goblin]
  3194 | D:2      | HP: 10/44 [poisoned by a goblin]
  3200 | D:2      | HP: 8/44 [poisoned by a goblin]
  3208 | D:2      | HP: 7/44 [poisoned by a goblin]
  3216 | D:2      | HP: 6/44 [poisoned by a goblin]
  4116 | D:4      | Reached skill level 8 in Polearms
  4155 | D:4      | Found Liwuypn's Antique Armour Shoppe.
  4182 | D:4      | Reached skill level 6 in Dodging
  4190 | D:4      | Reached XP level 7. HP: 38/50 MP: 7/7
  4326 | D:4      | Bought a dazzling scale mail for 180 gold pieces
  4336 | D:4      | Identified the +4 scale mail of Resonance {Rampage Dex+4
                  | SInv} (You bought it in a shop on level 4 of the Dungeon)
  4444 | D:4      | Reached skill level 4 in Stealth
  4465 | D:4      | Found a sacrificial altar of Ru.
  4538 | D:4      | Reached skill level 9 in Polearms
  4813 | D:4      | Identified the ring of Weuq {rC+ Str+6 Dex+3 Stlth+}
  4813 | D:4      | Noticed Blork the orc
  4827 | D:4      | Killed Blork the orc
  4968 | D:5      | Entered Level 5 of the Dungeon
  5020 | D:5      | Found a runed translucent gate.
  5021 | D:5      | Found a runed translucent gate.
  5023 | D:5      | Found a runed translucent gate.
  5024 | D:5      | Reached * piety under Ashenzari
  5024 | D:5      | Noticed Flugslaktarn's ghost (amateur DDFi)
  5049 | D:5      | Found a transporter.
  5049 | D:5      | Found a transporter.
  5254 | D:5      | Reached skill level 7 in Dodging
  5254 | D:5      | Reached XP level 8. HP: 56/56 MP: 8/8
  5386 | D:5      | Reached skill level 10 in Polearms
  5386 | D:5      | Reached skill level 5 in Stealth
  5568 | D:5      | Noticed Duvessa
  5582 | D:5      | Noticed Dowan
  5596 | D:5      | Killed Duvessa
  5604 | D:5      | Killed Dowan
  6048 | D:6      | Found a staircase to the Ecumenical Temple.
  6059 | D:6      | Found a hide-covered altar of Uskayaw.
  6217 | D:6      | Got the uncursed robe of Mitiamog {*Corrode rPois rF+}
  6229 | D:6      | Identified the +1 robe of Mitiamog {*Corrode rPois rF+}
                  | (You found it on level 6 of the Dungeon)
  6285 | D:6      | Noticed Grinder
  6295 | D:6      | Paralysed by Grinder for 3 turns
  6317 | D:6      | Paralysed by Grinder for 6 turns
  6329 | D:6      | Killed Grinder
  6329 | D:6      | Reached skill level 11 in Polearms
  6424 | D:6      | Reached skill level 8 in Dodging
  6424 | D:6      | Reached skill level 6 in Stealth
  6649 | D:6      | Reached skill level 12 in Polearms
  6649 | D:6      | Reached XP level 9. HP: 61/61 MP: 9/9
  6717 | D:6      | Found an ancient bone altar of Kikubaaqudgha.
  6869 | D:6      | Reached ** piety under Ashenzari
  7435 | D:7      | Reached skill level 9 in Dodging
  7509 | D:6      | Reached skill level 13 in Polearms
  7897 | D:8      | Noticed Harold
  7930 | D:8      | Killed Harold
  7930 | D:8      | Reached skill level 14 in Polearms
  7930 | D:8      | Reached skill level 10 in Dodging
  7955 | D:8      | HP: 12/61 [wyvern (12)]
  7957 | D:8      | HP: 2/61 [wyvern (6)]
  7989 | D:8      | Reached XP level 10. HP: 36/67 MP: 10/10
  8326 | D:8      | Found a bloodstained altar of Trog.
  8701 | D:8      | Reached skill level 15 in Polearms
  8710 | D:8      | Noticed Psyche
  8726 | D:8      | Killed Psyche
  9132 | D:9      | Noticed a two-headed ogre
  9267 | D:9      | Reached skill level 11 in Dodging
  9474 | D:9      | Identified the amulet "Ximm" {Faith rC+ MR+}
  9538 | D:9      | Found an iron altar of Okawaru.
  9541 | D:9      | Found a glowing golden altar of the Shining One.
  9544 | D:9      | Found a radiant altar of Vehumet.
  9598 | D:9      | HP: 19/67 [troll (8)]
  9673 | D:9      | HP: 20/67 [troll (10)]
  9818 | D:9      | Reached skill level 16 in Polearms
  9953 | D:9      | Killed a two-headed ogre
  9953 | D:9      | Reached skill level 3 in Fighting
  9953 | D:9      | Reached skill level 1 in Spellcasting
 10049 | D:9      | Noticed a two-headed ogre
 10086 | D:9      | Killed a two-headed ogre
 10086 | D:9      | Reached skill level 4 in Fighting
 10086 | D:9      | Reached skill level 2 in Spellcasting
 10301 | D:9      | Reached XP level 11. HP: 73/78 MP: 14/14
 10318 | D:9      | Reached skill level 5 in Fighting
 10536 | D:9      | Found a basalt altar of Yredelemnul.
 10621 | D:10     | Entered Level 10 of the Dungeon
 10964 | D:9      | Reached skill level 12 in Dodging
 10988 | D:9      | HP: 23/80 [warg (4)]
 10989 | D:9      | Reached skill level 1 in Evocations
 11339 | D:10     | Found a staircase to the Lair.
 11388 | D:9      | Identified a potion of resistance
 11571 | D:10     | Noticed a two-headed ogre
 11642 | D:10     | Reached skill level 6 in Fighting
 11677 | D:10     | Killed a two-headed ogre
 11677 | D:10     | Reached skill level 3 in Throwing
 11677 | D:10     | Reached skill level 2 in Evocations
 12405 | D:10     | Reached skill level 7 in Fighting
 12776 | D:10     | Reached skill level 3 in Evocations
 12946 | Lair:1   | Entered Level 1 of the Lair of Beasts
 13288 | Lair:1   | Reached *** piety under Ashenzari
 13332 | Lair:1   | Reached skill level 4 in Throwing
 13483 | Lair:1   | Reached skill level 8 in Fighting
 13824 | Lair:1   | Reached skill level 4 in Evocations
 13833 | Lair:1   | Reached XP level 12. HP: 62/94 MP: 15/15
 13986 | Lair:1   | Reached skill level 13 in Dodging
 14356 | Lair:2   | Reached skill level 9 in Fighting
 14356 | Lair:2   | Reached skill level 5 in Throwing
 14378 | Lair:2   | Found a runed translucent door.
 14379 | Lair:2   | Noticed Killmatronix's ghost (journeyman GnSu)
 14406 | Lair:2   | Killed Killmatronix's ghost
 14424 | Lair:2   | Learned a level 5 spell: Irradiate
 14802 | Lair:2   | Reached skill level 1 in Transmutations
 14886 | Lair:2   | Reached skill level 1 in Conjurations
 14945 | Lair:2   | Reached skill level 2 in Transmutations
 15120 | Lair:2   | HP: 28/96 [elephant (11)]
 15125 | Lair:2   | HP: 26/96 [elephant (3)]
 15129 | Lair:2   | Reached skill level 3 in Transmutations
 15137 | Lair:2   | Reached skill level 2 in Conjurations
 15508 | Lair:2   | Reached **** piety under Ashenzari
 15689 | Lair:3   | Learned a level 3 spell: Mephitic Cloud
 15913 | Lair:3   | Reached skill level 4 in Transmutations
 16040 | Lair:3   | Reached skill level 1 in Poison Magic
 16288 | Lair:3   | Identified the +3 ring mail of Geomp {Rampage rPois Int-3
                  | SInv}
 16497 | Lair:3   | Identified a scroll of acquirement
 16497 | Lair:3   | Acquired the cursed +1 halberd of Generosity {freeze,
                  | +Blink Dex+4 Stlth+}
 16588 | Lair:3   | Found a staircase to the Shoals.
 16589 | Lair:3   | Reached skill level 3 in Conjurations
 16589 | Lair:3   | Reached skill level 5 in Transmutations
 16589 | Lair:3   | Reached skill level 1 in Air Magic
 17184 | Lair:4   | Reached skill level 6 in Transmutations
 17347 | Lair:4   | Reached skill level 10 in Fighting
 17347 | Lair:4   | Reached XP level 13. HP: 103/103 MP: 16/16
 17359 | Lair:4   | Reached skill level 4 in Conjurations
 17807 | Lair:4   | Reached skill level 7 in Transmutations
 17827 | Lair:4   | Reached skill level 14 in Dodging
 17828 | Lair:4   | Found a hole to the Spider Nest.
 17961 | Lair:4   | HP: 24/103 [wolf (8)]
 17971 | Lair:4   | HP: 26/103 [wolf (1)]
 18008 | Lair:4   | HP: 29/103 [17-headed hydra (7)]
 18008 | Lair:4   | HP: 8/103 [17-headed hydra (12)]
 18008 | Lair:4   | HP: 3/103 [17-headed hydra (5)]
 18008 | Lair:4   | Slain by a 17-headed hydra

Vanquished Creatures
  The ghost of Killmatronix the Summoner, a journeyman GnSu of Sif Muna (Lair:2)
  A hydra (Lair:4)
  Harold (D:8)
  3 two-headed ogres
  A centaur zombie (D:10)
  A merfolk siren (Lair:3)
  4 elephants (Lair:2)
  2 black mambas
  Psyche (D:8)
  6 cane toads
  2 komodo dragons
  A troll (D:9)
  A merfolk (Lair:3)
  Grinder (D:6)
  A jumping spider (Lair:4)
  6 hippogriffs
  39 yaks
  A wraith (D:10)
  A redback (Lair:4)
  2 wyverns
  2 basilisks
  A steam dragon (D:9)
  2 wargs
  7 water moccasins
  Duvessa (D:5)
  8 porcupines
  3 orc warriors (D:9)
  2 black bears
  2 sky beasts
  A necrophage (D:10)
  4 ogres
  A phantom (D:10)
  3 wolves (Lair:4)
  3 centaurs
  10 crocodiles
  Blork the orc (D:4)
  A big kobold (D:9)
  14 bullfrogs
  A water moccasin zombie (D:6)
  Dowan (D:5)
  A scorpion (D:6)
  4 killer bees
  8 wights
  An electric eel (Lair:3)
  5 howler monkeys
  4 hounds
  2 centaur skeletons (D:7)
  7 orc priests
  2 jellies
  9 orc wizards
  Terence (D:3)
  3 iguanas
  9 worker ants
  A hound skeleton (D:7)
  A worker ant zombie (D:10)
  Robin (D:3)
  A howler monkey skeleton (D:7)
  7 gnolls
  13 adders
  A shadow imp (D:5)
  3 white imps
  2 ufetubi
  2 adder zombies (D:5)
  2 worms (D:3)
  A dart slug (D:1)
  3 leopard geckos
  28 orcs
  9 giant cockroaches
  16 goblins
  7 hobgoblins
  13 jackals
  9 kobolds
  6 quokkas
  8 bats
  7 frilled lizards
  A jackal zombie (D:5)
  A quokka zombie (D:8)
  5 rats
348 creatures vanquished.

Vanquished Creatures (others)
  An adder (D:10)
  5 fungi
  15 plants
21 creatures vanquished.

Grand Total: 369 creatures vanquished
